 Dungeon Crawl Stone Soup version 0.28-a0-804-g60983d4ba9 (webtiles) character file.

Game seed: 14381248235589303873

92 mcbry74 the Ruffian (level 4, -1/45 HPs)
             Began as a Troll Chaos Knight on Nov 7, 2021.
             Was a Plaything of Xom.
             Succumbed to Crazy Yiuf's poison
             ... on level 2 of the Dungeon.
             The game lasted 00:06:13 (1170 turns).

mcbry74 the Ruffian (Troll Chaos Knight)            Turns: 1170, Time: 00:06:14

Health: -1/45      AC:  4    Str: 21    XL:     4   Next: 35%
Magic:  3/3        EV: 10    Int:  8    God:    Xom [..*...]
Gold:   91         SH:  0    Dex:  9    Spells: 3/3 levels left

rFire   . . .      SeeInvis .     - Unarmed
rCold   . . .      Faith    .   (no shield)
rNeg    . . .      Spirit   .   i - +0 animal skin
rPois   .          Reflect  .   (helmet restricted)
rElec   .          Harm     .   (no cloak)
rCorr   .          Rampage  .   (gloves unavailable)
Will    .....                   (boots unavailable)
Stlth   +.........              (no amulet)
HPRegen 1.15/turn               (no ring)
MPRegen 0.08/turn               (no ring)

@: lethally poisoned (-1 -> -5)
A: large, unfitting armour, claws 3, regeneration 1, shaggy fur 1, tough skin 1
a: Renounce Religion


You were on level 2 of the Dungeon.
You worshipped Xom.
You were a toy of Xom.
You visited 1 branch of the dungeon, and saw 2 of its levels.

You collected 91 gold pieces.

Inventory:

Hand Weapons
 l - a +3 quarterstaff of chaos
Armour
 a - a +2 robe
 i - a +0 animal skin (worn)
 m - a +0 cloak
Jewellery
 f - a ring of fire
Wands
 g - a wand of polymorph (5)
Scrolls
 d - 5 scrolls of identify {unknown}
 k - a scroll of blinking {unknown}
Potions
 c - a potion of berserk rage {unknown}
 e - a potion of lignification {unknown}
 h - a potion of might
 j - a potion of heal wounds {unknown}


   Skills:
 + Level 3.2 Fighting
 + Level 2.3 Dodging
 + Level 4.2 Unarmed Combat


You had 3 spell levels left.
You didn't know any spells.
Your spell library was empty.

Dungeon Overview and Level Annotations

Branches:
Dungeon (2/15)

Altars:


Innate Abilities, Weirdness & Mutations

You are too large for most types of armour.
You have claws for hands.
Your natural rate of healing is unusually fast.
You are covered in fur. (AC +1)
You have tough skin. (AC +1)


Message History

You claw the dart slug!
You kill the dart slug!
You see here a dart slug corpse.
Unknown command.
A rat comes into view.
The rat bites you.
You claw the rat!
You kill the rat!
HP restored.
You see here 6 stones.
Found a mace.
Found a runed translucent door.
Crazy Yiuf shouts!
You open the door. You claw Crazy Yiuf!
Crazy Yiuf is heavily wounded.
Crazy Yiuf hits you with a +3 quarterstaff of chaos!
You scratch Crazy Yiuf.
Crazy Yiuf is heavily wounded.
Crazy Yiuf hits you with a +3 quarterstaff of chaos!
You are lethally poisoned!
You claw Crazy Yiuf!
You kill Crazy Yiuf!
* * * LOW HITPOINT WARNING * * *
You feel extremely sick.
Your Unarmed Combat skill increases to level 4!
You have reached level 4!
* * * LOW HITPOINT WARNING * * *
You feel very sick.
There is an open translucent door, spattered with blood here.
Things that are here:
a +3 quarterstaff of chaos; a +0 cloak; the gnoll corpse of Crazy Yiuf
l - a +3 quarterstaff of chaos
* * * LOW HITPOINT WARNING * * *
You feel very sick.
m - a +0 cloak
* * * LOW HITPOINT WARNING * * *
You feel very sick.
It was a potion of magic.
Magic courses through your body.
You die...
Xom guffaws!

..#########.......###.....#
.## ###.............# ..#
###.#.###.....# ..####
##### ###..(# (....# #...#
####.## #...# #..###♣♣ ####
#...# ##.....♣♣ ♣♣#..)#
##### #......♣♣♣♣.@...#
##......♣..♣#...#
##....♣.♣♣♣ #### ###♣♣♣♣♣


There were no monsters in sight!

Vanquished Creatures
  Crazy Yiuf (D:2)
  Robin (D:2)
  A gnoll (D:1)
  A dart slug (D:2)
  2 bats (D:1)
  4 endoplasms (D:1)
  11 goblins
  5 hobgoblins
  4 kobolds (D:1)
  2 quokkas (D:1)
  A ball python (D:1)
  3 frilled lizards (D:1)
  4 rats
40 creatures vanquished.

Notes
Turn   | Place    | Note
-------+----------+-------------------------------------------
     0 | D:1      | mcbry74 the Troll Chaos Knight began the quest for the Orb.
     0 | D:1      | Reached XP level 1. HP: 22/22 MP: 0/0
     7 | D:1      | XOM: potion effect (brilliance)
    12 | D:1      | Reached XP level 2. HP: 29/29 MP: 1/1
   213 | D:1      | Found a faded altar of an unknown god.
   278 | D:1      | XOM: 1-stop teleportation journey
   539 | D:1      | XOM: cloud trail
   618 | D:1      | Reached XP level 3. HP: 36/36 MP: 2/2
   825 | D:2      | Noticed Robin
   881 | D:2      | Killed Robin
  1075 | D:2      | XOM: noise
  1159 | D:2      | Found a runed translucent door.
  1160 | D:2      | Noticed Crazy Yiuf
  1166 | D:2      | Killed Crazy Yiuf
  1167 | D:2      | Reached skill level 4 in Unarmed Combat
  1167 | D:2      | Reached XP level 4. HP: 10/45 MP: 3/3
  1169 | D:2      | HP: 1/45 [poisoned by Crazy Yiuf]
  1170 | D:2      | Succumbed to Crazy Yiuf's poison

Illustrated notes

Levels and vault maps discovered:
D:1:      dpeg_arrival_stonehenge_8_columns, layout_loops_corners,
          shapermc_ecumenical_altar_flowoftime, glass_columns_b,
          minmay_misc_feat_chi, minmay_misc_feat_rows,
          minmay_misc_feat_enclosed, minmay_pentomino_s4
D:2:      layout_rooms, uniq_crazy_yiuf_cottage, uniq_robin

Skill      XL: |  1  2  3 |
---------------+----------+-----
Dodging        | 2 |  2.3
Fighting       | 3 |  3.2
Unarmed Combat | 4 |  4.2

Action                   |  1- 3 |  4- 6 || total
-------------------------+-------+-------++-------
Melee: Unarmed           |    95 |       ||    95
  Use: Potion            |       |     1 ||     1
Armor: Robe              |    41 |       ||    41
Dodge: Dodged            |    31 |       ||    31

Table legend: (Time is in decaauts)
 A = Elapsed time spent in this place.
 B = Non-inter-level travel time spent in this place.
 C = Inter-level travel time spent in this place.
 D = Time resting spent in this place.
 E = Time spent auto-exploring this place.
 F = Levels seen in this place.
 G = Mean time per level.
                   A        B        C        D        E       F      G
               +--------+--------+--------+--------+--------+-----+--------+
         Total |   1163 |   1126 |     37 |      8 |    819 |   2 |  581.5 |
       Dungeon |   1163 |   1126 |     37 |      8 |    819 |   2 |  581.5 |
               +--------+--------+--------+--------+--------+-----+--------+

Top non-repeatable levels by time:
     D:1: 788 daAuts
     D:2: 375 daAuts
